 Dungeon Crawl Stone Soup version 0.28-a0-8-g6e044cfa68 (webtiles) character file.

Game seed: 17755726838843653562

15830 undeadczar the Covert (level 12, -2/56 HPs)
             Began as a Spriggan Brigand on July 21, 2021.
             Was an Elder of Hepliaklqana.
             Slain by a redback (11 damage)
             ... on level 1 of the Spider Nest on July 23, 2021.
             The game lasted 03:25:36 (20316 turns).

undeadczar the Covert (Spriggan Brigand)           Turns: 20316, Time: 03:25:40

Health: -2/56      AC:  9    Str:  7    XL:     12   Next: 4%
Magic:  13/13      EV: 23    Int: 12    God:    Hepliaklqana [****..]
Gold:   615        SH:  0    Dex: 22    Spells: 10/11 levels left

rFire   . . .      SeeInvis +   A - +2 short sword (speed)
rCold   + . .      Faith    .   (shield restricted)
rNeg    . . .      Spirit   .   E - +0 troll leather armour
rPois   .          Reflect  .   (helmet restricted)
rElec   .          Harm     .   c - +0 cloak
rCorr   .          Rampage  .   (gloves unavailable)
Will    ++...                   (boots unavailable)
Stlth   ++........              (no amulet)
HPRegen 1.18/turn               D - ring of protection from cold
MPRegen 0.13/turn               n - +4 ring of protection

@: confused, studying Long Blades, very quick
A: reduced essence, very small, no large weapons, unfitting armour, see
invisible, speed 3
a: Renounce Religion, Recall Ancestor, Ancestor Identity, Transference, Idealise


You were on level 1 of the Spider Nest.
You worshipped Hepliaklqana.
Hepliaklqana was greatly pleased with you.
You visited 4 branches of the dungeon, and saw 13 of its levels.

You collected 615 gold pieces.

Inventory:

Hand Weapons
 s - a +2 hunting sling of flaming
 t - a +2 dagger of venom
 A - a +2 short sword of speed (weapon)
 P - a +0 rapier
Missiles
 d - 38 poisoned darts (quivered)
 e - a curare-tipped dart
 h - 5 silver boomerangs
 j - 304 stones
 u - 247 arrows
 Q - 68 sling bullets
 S - 27 bolts
Armour
 c - a +0 cloak (worn)
 y - +0 steam dragon scales
 E - a +0 troll leather armour (worn)
 N - a +1 animal skin
 X - the +1 robe of Makhleb's Inspiration {rC+ Will++}
   (You found it on level 5 of the Dungeon)

   rC:        It protects you from cold.
   Will:      It greatly increases your willpower.
Magical Staves
 J - a staff of earth
Jewellery
 n - a +4 ring of protection (right hand)
 D - a ring of protection from cold (left hand)
 H - a ring of protection from fire
Wands
 k - a wand of iceblast (11)
 p - a wand of polymorph (3)
 v - a wand of flame (12)
Scrolls
 b - 2 scrolls of magic mapping {unknown}
 f - a scroll of brand weapon {unknown}
 g - 5 scrolls of teleportation {unknown}
 q - 2 scrolls of enchant weapon {unknown}
 r - 2 scrolls of amnesia {unknown}
 C - 2 scrolls of enchant armour {unknown}
 F - a scroll of vulnerability {unknown}
 G - 7 scrolls of identify {unknown}
 L - a scroll of silence {unknown}
 M - 2 scrolls of noise {unknown}
 O - a scroll of torment {unknown}
 R - a scroll of immolation {unknown}
 U - 2 scrolls of holy word {unknown}
Potions
 i - 4 potions of haste {unknown}
 l - 2 potions of heal wounds {unknown}
 m - 3 potions of attraction {unknown}
 o - a potion of brilliance {unknown}
 w - a potion of might {unknown}
 x - 2 potions of flight {unknown}
 z - 6 potions of curing
 B - a potion of cancellation {unknown}
 I - a potion of berserk rage {unknown}
 K - a potion of lignification {unknown}
 T - a potion of invisibility {unknown}
 W - a potion of degeneration {unknown}


   Skills:
 - Level 7.3 Fighting
 * Level 11.4 Short Blades
 + Level 9.7 Throwing
 + Level 8.2 Dodging
 + Level 14.8 Stealth


You had 10 spell levels left.
You knew the following spells:

 Your Spells              Type           Power      Damage    Failure   Level
a - Corona                Hex            0%         N/A       45%         1

Your spell library contained the following spells:

 Spells                   Type           Power      Damage    Failure   Level
 Animate Skeleton         Necr           0%         N/A       45%         1
 Apportation              Tloc           0%         N/A       45%         1
 Foxfire                  Conj/Fire      0%         2x1d4     45%         1
 Magic Dart               Conj           0%         1d3       45%         1
 Summon Small Mammal      Summ           0%         N/A       45%         1
 Call Imp                 Summ           0%         N/A       58%         2
 Corpse Rot               Necr/Air       N/A        N/A       58%         2
 Conjure Flame            Conj/Fire      0%         6-21      83%         3
 Frozen Ramparts          Ice            0%         1d2       83%         3
 Inner Flame              Hex/Fire       0%         N/A       83%         3
 Mephitic Cloud           Conj/Pois/Air  0%         N/A       83%         3
 Tukima's Dance           Hex            0%         N/A       83%         3
 Dispel Undead            Necr           0%         3d6       99%         4
 Ice Form                 Ice/Tmut       0%         N/A       99%         4
 Passage of Golubria      Tloc           N/A        N/A       99%         4
 Summon Ice Beast         Ice/Summ       0%         N/A       99%         4
 Yara's Violent Unravell  Hex/Tmut       0%         3d3       100%        5
 Death Channel            Necr           0%         N/A       100%        6


Dungeon Overview and Level Annotations

Branches:
Dungeon (9/15)             Temple (1/1) D:7            Lair (2/6) D:9
 Spider (1/4) Lair:2
  Swamp: Lair:2-4    Shoals: Lair:2-4       Orc: D:9-12

Altars:
Ashenzari
Dithmenos
Elyvilon
Fedhas
Hepliaklqana
Kikubaaqudgha
Makhleb
Okawaru
Sif Muna
Trog
Uskayaw
Wu Jian
The Shining One

Shops:
D:7 [[

Annotations:
D:3 Grinder
D:9 Gastronok


Innate Abilities, Weirdness & Mutations

Your life essence is reduced to manifest your ancestor. (-10% HP)
You are very small and have problems with some larger weapons.
You are too small for most types of armour.
You have supernaturally acute eyesight. (SInv)
You cover ground extremely quickly. (Speed+++)


Message History

You hit the wolf spider.
The wolf spider is lightly wounded.
The redback completely misses you. The tarantella misses you.
The wolf spider closely misses you.
The wolf spider bites you but does no damage.
A wolf spider comes into view.
Found 13 gold pieces.
A redback comes into view.
The wolf spider hisses angrily.
The tarantella completely misses you.
The orb spider pulsates with a strange energy.
A jumping spider comes into view.
The orb spider weaves a glowing orb of energy.
An orb of destruction comes into view.
You feel less confused.
A redback comes into view. x2
A redback comes into view.
A tarantella comes into view.
The wolf spider closely misses you. x2
An electric eel comes into view.
A redback comes into view.
You are no longer corroded.
The tarantella hisses angrily.
A redback comes into view. x3
The redback bites you but does no damage.
The redback moves out of view.
The redback bites you! The tarantella bites you!
You are confused.
You hit the tarantella.
The tarantella is lightly wounded.
The redback completely misses you. The redback misses you.
You closely miss the redback. The redback misses you.
The tarantella completely misses you. The wolf spider hits you!
The wolf spider barely misses you.
You hit the redback.
The redback is lightly wounded.
The wolf spider hits you!
* * * LOW HITPOINT WARNING * * *
The wolf spider misses you. The redback misses you.
The redback barely misses you. The redback bites you!
You die...

..s#....#.......
........#....#?...^..#..
#...s.s.>....#..........
..$.....s.........^.....
....#.s#................
^.....^.s^..............
#..^...^..s...#..s......
##.......^ss.s#sss......
#≈.........s.s.s@s......
##...........sssss......
#^......#.....s#.......
#..#≈##..#≈.....#.......
##≈≈######≈≈####.....≈#≈
### #### ##.;≈≈≈≈ ≈≈≈≈≈#
###≈## ##


You could see 4 wolf spiders, 2 orb spiders, 4 tarantellas, 8 redbacks and an
electric eel.

Vanquished Creatures
  4 hydras
  A centaur warrior (D:9)
  A two-headed ogre (D:9)
  2 elephants (D:8)
  A black mamba (Lair:2)
  3 cane toads
  2 komodo dragons
  2 trolls (D:8)
  A polar bear (Lair:1)
  Sigmund (D:4)
  4 wyverns
  A steam dragon (D:8)
  3 yaks (D:9)
  A basilisk (Lair:2)
  Eustachio (D:5)
  6 water moccasins
  A hornet zombie (D:8)
  4 orc warriors
  2 sky beasts
  2 ice beasts
  3 ogres
  5 centaurs
  A phantom (D:5)
  5 bullfrogs
  A wyvern zombie (D:6)
  5 scorpions
  6 killer bees
  2 howler monkeys
  An electric eel (Lair:2)
  A centaur zombie (D:8)
  2 jellies
  2 centaur skeletons
  2 hounds
  3 orc priests
  5 iguanas
  7 orc wizards
  2 killer bee zombies
  Robin (D:3)
  A howler monkey skeleton (D:6)
  3 adders
  A shadow imp (D:8)
  2 ufetubi
  An adder skeleton (D:4)
  4 dart slugs
  3 worms
  20 orcs
  6 ball pythons
  5 endoplasms
  5 giant cockroaches
  19 goblins
  8 hobgoblins
  12 jackals
  3 quokkas
  9 bats
  4 frilled lizards (D:1)
  14 kobolds
  6 rats
  A spectral goblin (D:3)
224 creatures vanquished.

Vanquished Creatures (collateral kills)
  Pikel (D:5)
  2 elephants (D:8)
  2 cane toads
  A rime drake (Lair:2)
  A wraith (D:7)
  A yak (D:9)
  2 black bears
  2 orc warriors (D:7)
  A phantom (D:6)
  A kobold brigand (D:6)
  3 bullfrogs
  A scorpion (D:5)
  A water moccasin zombie (D:6)
  A howler monkey (D:7)
  A centaur skeleton (D:7)
  A hound (D:5)
  An orc priest (D:7)
  4 orc wizards
  An adder (D:6)
  A white imp (D:6)
  A worm (Lair:2)
  9 orcs
  A kobold (D:6)
40 creatures vanquished.

Vanquished Creatures (others)
  A tarantella (Spider:1)
  5 hexers
  4 ancestors (D:7)
  A kobold (D:6)
  5 fungi
  58 plants
74 creatures vanquished.

Grand Total: 338 creatures vanquished

Notes
Turn   | Place    | Note
-------+----------+-------------------------------------------
     0 | D:1      | undeadczar the Spriggan Brigand began the quest for the
                  | Orb.
     0 | D:1      | Reached XP level 1. HP: 10/10 MP: 2/2
   148 | D:1      | Reached skill level 6 in Stealth
   164 | D:1      | Reached XP level 2. HP: 14/14 MP: 3/3
   749 | D:1      | Reached XP level 3. HP: 15/18 MP: 4/4
  1650 | D:2      | Noticed an ogre
  1755 | D:2      | Killed an ogre
  1756 | D:2      | Reached XP level 4. HP: 22/22 MP: 5/5
  2077 | D:2      | Found a faded altar of an unknown god.
  2321 | D:2      | Reached skill level 7 in Stealth
  2321 | D:2      | Reached XP level 5. HP: 25/25 MP: 6/6
  3027 | D:3      | Noticed Grinder
  3067 | D:3      | Noticed Sigmund
  3508 | D:3      | Paralysed by Grinder for 7 turns
  4647 | D:3      | Paralysed by Grinder for 3 turns
  4661 | D:3      | Paralysed by Grinder for 6 turns
  4912 | D:3      | Noticed Robin
  4935 | D:3      | Killed Robin
  5825 | D:3      | Found a hazy altar of Hepliaklqana.
  5836 | D:3      | Became a worshipper of Hepliaklqana the Forgotten
  6714 | D:4      | Reached skill level 5 in Short Blades
  6714 | D:4      | Reached XP level 6. HP: 30/30 MP: 7/7
  6832 | D:4      | Killed Sigmund
  6833 | D:4      | Reached skill level 8 in Stealth
  7311 | D:4      | Reached XP level 7. HP: 33/33 MP: 8/8
  8017 | D:5      | Entered Level 5 of the Dungeon
  8026 | D:5      | Identified the +1 robe of Makhleb's Inspiration {rC+
                  | Will++}
  8045 | D:5      | Reached * piety under Hepliaklqana
  8315 | D:5      | Noticed Pikel
  8371 | D:5      | Killed Pikel
  8372 | D:5      | Reached skill level 5 in Throwing
  8372 | D:5      | Reached skill level 9 in Stealth
  8372 | D:5      | Reached XP level 8. HP: 17/33 MP: 9/9
  8555 | D:5      | Noticed Eustachio
  8571 | D:5      | Killed Eustachio
  8587 | D:5      | Reached skill level 10 in Stealth
  9015 | D:5      | Learned a level 1 spell: Corona
  9024 | D:5      | Found a shadowy altar of Dithmenos.
  9697 | D:6      | Reached XP level 9. HP: 24/36 MP: 10/10
  9929 | D:6      | Reached skill level 11 in Stealth
 10379 | D:6      | Found an ancient bone altar of Kikubaaqudgha.
 10478 | D:6      | Found a hide-covered altar of Uskayaw.
 10514 | D:6      | Reached skill level 10 in Short Blades
 10995 | D:7      | Found Miejycenoi's Armour Boutique.
 12135 | D:7      | Found Oduvog's Armour Boutique.
 12879 | D:7      | Reached skill level 12 in Stealth
 13092 | D:7      | Found a staircase to the Ecumenical Temple.
 13140 | Temple   | Entered the Ecumenical Temple
 13545 | D:8      | Reached ** piety under Hepliaklqana
 13649 | D:8      | Remembered your ancestor Tepiltzin as a hexer
 13796 | D:8      | Reached XP level 10. HP: 16/41 MP: 11/11
 14002 | D:8      | Noticed an elephant
 14011 | D:8      | Identified the +0 leather armour of Waxes {Str-5 Dex+8}
 14068 | D:8      | Killed an elephant
 14162 | D:8      | Noticed an elephant
 14219 | D:8      | Noticed an elephant
 14257 | D:9      | Noticed a centaur warrior
 14432 | D:8      | Killed an elephant
 14481 | D:8      | Noticed an elephant
 14529 | D:8      | Killed an elephant
 14738 | D:8      | Killed an elephant
 15127 | D:8      | Noticed a white ugly thing
 15529 | D:8      | Reached skill level 13 in Stealth
 15910 | D:8      | Found an ornate altar of the Wu Jian Council.
 16003 | D:8      | Upgraded the game from 0.27-a0-1612-gde56a17b89 to
                  | 0.28-a0-2-g643f2454ad
 16088 | D:9      | Killed a centaur warrior
 16089 | D:9      | Reached skill level 5 in Dodging
 16150 | D:9      | Found a staircase to the Lair.
 16165 | D:9      | Reached *** piety under Hepliaklqana
 16318 | D:9      | Noticed Gastronok
 16429 | D:9      | Noticed a two-headed ogre
 16473 | D:9      | Killed a two-headed ogre
 16474 | D:9      | Reached skill level 5 in Fighting
 16474 | D:9      | Reached XP level 11. HP: 8/49 MP: 12/12
 17314 | D:9      | Found a bloodstained altar of Trog.
 17314 | D:9      | Found a glowing golden altar of the Shining One.
 17529 | Lair:1   | Entered Level 1 of the Lair of Beasts
 18015 | Lair:1   | Noticed a four-headed hydra
 18606 | Lair:1   | Killed a four-headed hydra
 18607 | Lair:1   | Reached skill level 14 in Stealth
 18937 | Lair:1   | Noticed an eight-headed hydra
 19029 | Lair:1   | Killed an eight-headed hydra
 19418 | Lair:2   | Reached **** piety under Hepliaklqana
 19428 | Lair:2   | Noticed a five-headed hydra
 19434 | Lair:2   | Killed a five-headed hydra
 19928 | Lair:2   | Found a hole to the Spider Nest.
 19998 | Lair:2   | Noticed a five-headed hydra
 20002 | Lair:2   | Killed a five-headed hydra
 20003 | Lair:2   | Reached XP level 12. HP: 56/56 MP: 13/13
 20268 | Lair:2   | Upgraded the game from 0.28-a0-2-g643f2454ad to
                  | 0.28-a0-8-g6e044cfa68
 20269 | Spider:1 | Entered Level 1 of the Spider Nest
 20285 | Spider:1 | Noticed an entropy weaver
 20316 | Spider:1 | Slain by a redback

Illustrated notes

Levels and vault maps discovered:
D:1:      moated_graveyard_arrival, layout_loops_ring, minmay_close_crescents
D:2:      layout_basic, chequers_ecumenical_altar_simple_redux, hex_tiny,
          due_unseen_surprise
D:3:      layout_basic, nicolae_hepliaklqana_monster_ancestors, uniq_grinder,
          uniq_robin, uniq_sigmund
D:4:      layout_basic, serial_glass, glass_columns_b, glass_columns_a,
          bh_walls_and_bars
D:5:      layout_rooms, grunt_dithmenos_smoke_and_mirrors, uniq_eustachio,
          uniq_pikel
D:6:      layout_loops_ring, mainiacjoe_overflow_chevrons,
          kennysheep_little_box, chequers_serial_rivers_room_a,
          hangedman_abyss_or_decor_stagger, chequers_decorated_corner
D:7:      layout_rooms, minmay_temple_entry_tees, serial_shops, shop_statue,
          nicolae_shop_behind_doors, chequers_serial_rivers_small_b
D:8:      wad_woods_tower, layout_basic, nicolae_wu_jian_immortal_techniques,
          minmay_misc_feat_chi, minmay_microvault
D:9:      layout_cave_pods, gammafunk_temple_overflow_elements,
          dpeg_oklobed_lair, uniq_gastronok
Temple:   dshaligram_water_room_temple
Lair:1:   layout_chaotic_city
Lair:2:   layout_regular_city, nicolae_spider_entry_non_spiders,
          grunt_megastairs_3, infiniplex_staircase_pool
Spider:1: layout_spider_delve, drop_trap, nicolae_spider_some_kinda_spiderbox

Skill      XL: |  1  2  3  4  5  6  7  8  9 10 11 |
---------------+----------------------------------+-----
Stealth        | 6 7 8 9 10 12 13 14 | 14.8
Short Blades   | 3 4 5 6 7 9 11 | 11.4
Throwing       | 3 4 5 6 7 8 9 |  9.7
Fighting       | 5 7 |  7.3
Dodging        | 5 8 |  8.2

Action                   |  1- 3 |  4- 6 |  7- 9 | 10-12 || total
-------------------------+-------+-------+-------+-------++-------
Melee: Dagger            |   137 |    13 |    19 |   249 ||   418
       Short sword       |       |   173 |   372 |   108 ||   653
       Rapier            |       |       |       |    54 ||    54
 Fire: Hunting sling     |       |     2 |    66 |    37 ||   105
Throw: Dart              |    14 |    10 |    58 |    21 ||   103
       Stone             |     8 |       |       |       ||     8
       Boomerang         |       |       |     1 |       ||     1
 Cast: Corona            |       |       |    12 |     1 ||    13
Invok: Ancestor Identity |       |       |     1 |     1 ||     2
       Recall Ancestor   |       |       |     5 |     9 ||    14
       Ancestor Life: He |       |       |     1 |       ||     1
       Transference      |       |       |       |     2 ||     2
  Use: Potion            |       |       |       |     2 ||     2
 Stab: Sleeping          |    16 |    16 |    20 |    30 ||    82
       Distracted        |       |     2 |     2 |     5 ||     9
       Confused          |       |       |     1 |    10 ||    11
Armor: Robe              |    17 |     8 |    20 |     9 ||    54
       Animal skin       |       |     5 |     4 |       ||     9
       Troll leather arm |       |       |       |    36 ||    36
Dodge: Dodged            |    79 |    77 |   131 |   208 ||   495

Table legend: (Time is in decaauts)
 A = Elapsed time spent in this place.
 B = Non-inter-level travel time spent in this place.
 C = Inter-level travel time spent in this place.
 D = Time resting spent in this place.
 E = Time spent auto-exploring this place.
 F = Levels seen in this place.
 G = Mean time per level.
                   A        B        C        D        E       F      G
               +--------+--------+--------+--------+--------+-----+--------+
         Total |  15859 |  14954 |    905 |   8481 |    384 |  13 | 1219.9 |
       Dungeon |  13806 |  13026 |    780 |   7647 |    384 |   9 | 1534.0 |
        Temple |     24 |     24 |      0 |      0 |      0 |   1 |   24.0 |
          Lair |   2001 |   1876 |    125 |    834 |      0 |   2 | 1000.5 |
   Spider Nest |     27 |     27 |      0 |      0 |      0 |   1 |   27.0 |
               +--------+--------+--------+--------+--------+-----+--------+

Top non-repeatable levels by time:
     D:2: 2205 daAuts
     D:8: 2056 daAuts
     D:7: 1940 daAuts
     D:6: 1727 daAuts
     D:4: 1423 daAuts
  Lair:1: 1365 daAuts
     D:3: 1358 daAuts
     D:1: 1256 daAuts
     D:5: 920 daAuts
     D:9: 918 daAuts
  Lair:2: 635 daAuts
Spider:1: 27 daAuts
  Temple: 24 daAuts
